 Dungeon Crawl Stone Soup version 0.29-a0-823-gc37b1572da (webtiles) character file.

Game seed: 14032291566013125088

3700 gobodom the Cleaver (level 9, -6/69 HPs)
             Began as a Demonspawn Fighter on July 8, 2022.
             Was a Follower of Qazlal.
             Mangled by Grum
             ... wielding a -1 halberd
              (15 damage)
             ... on level 8 of the Dungeon.
             The game lasted 00:23:24 (8187 turns).

gobodom the Cleaver (Demonspawn Fighter)            Turns: 8187, Time: 00:23:26

Health: -6/69      AC: 17    Str: 21    XL:     9   Next: 91%
Magic:  11/11      EV: 12    Int:  9    God:    Qazlal [*.....]
Gold:   365        SH:  7    Dex: 20    Spells: 8/8 levels left

rFire   . . .      SeeInvis .   a - +0 war axe
rCold   + . .      Faith    .   c - +0 buckler
rNeg    . . .      Spirit   .   j - +0 chain mail
rPois   .          Reflect  .   (no helmet)
rElec   .          Harm     .   q - +0 cloak
rCorr   .          Rampage  .   (no gloves)
Will    .....                   D - +2 pair of boots
Stlth   ..........              (no amulet)
HPRegen 0.21/turn               t - ring "Danog" {rC+ EV+4 Dex+7 Stlth-}
MPRegen 0.12/turn               (no ring)

@: no status effects
A: slimy green scales 2, demonic guardian 1, foul stench 2
a: Renounce Religion


You were on level 8 of the Dungeon.
You worshipped Qazlal.
Qazlal was aware of your devotion.
You visited 2 branches of the dungeon, and saw 9 of its levels.
You also visited: Ossuary.

You collected 365 gold pieces.

Inventory:

Hand Weapons
 a - a +0 war axe (weapon)
Missiles
 s - a throwing net
 F - 15 poisoned darts (quivered)
Armour
 c - a +0 buckler (worn)
 j - a +0 chain mail (worn)
 q - a +0 cloak (worn)
 D - a +2 pair of boots (worn)
Jewellery
 m - a ring of fire
 t - the ring "Danog" (left hand) {rC+ EV+4 Dex+7 Stlth-}
   (You took it off an orc on level 4 of the Dungeon)

   [ring of evasion]

   EV:        It affects your evasion (+4).
   Dex:       It affects your dexterity (+7).
   rC:        It protects you from cold.
   Stlth:     It makes you less stealthy.
 u - a ring of magical power
 M - a ring of resist corrosion
Wands
 d - a wand of paralysis (23)
 G - a wand of acid (13)
 J - a wand of flame (20)
 K - a wand of polymorph (10)
Scrolls
 b - 2 scrolls of fear {unknown}
 l - 2 scrolls of teleportation {unknown}
 o - 4 scrolls of fog {unknown}
 p - a scroll of acquirement {unknown}
 r - 3 scrolls of immolation
 v - a scroll of blinking {unknown}
 w - a scroll of magic mapping {unknown}
 x - 2 scrolls of enchant weapon {unknown}
 y - 3 scrolls of poison {unknown}
 E - 3 scrolls of torment {unknown}
 H - a scroll of enchant armour {unknown}
 N - a scroll of identify
Potions
 e - 6 potions of flight
 f - a potion of berserk rage
 g - 5 potions of lignification
 h - a potion of brilliance
 i - 4 potions of mutation
 k - 5 potions of curing
 n - a potion of magic {unknown}
 z - 2 potions of heal wounds {unknown}
 A - 2 potions of ambrosia
 B - a potion of cancellation
 C - 3 potions of attraction
 I - a potion of might
 L - 2 potions of invisibility {unknown}


   Skills:
 + Level 6.2 Fighting
 + Level 9.5 Axes
 + Level 5.7 Armour
 + Level 2.0 Dodging
 + Level 2.4 Stealth
 + Level 4.4 Shields
 * Level 3.0 Invocations
 + Level 1.1 Evocations


You had 8 spell levels left.
You didn't know any spells.
Your spell library contained the following spells:

 Spells                   Type           Power      Damage    Failure   Level
 Foxfire                  Conj/Fire      0%         2x1d4     99%         1
 Necrotise                Necr           0%         1d4       99%         1
 Slow                     Hex            0%         N/A       99%         1
 Sting                    Tmut/Pois      0%         1d3       99%         1
 Poisonous Vapours        Pois/Air       0%         N/A       100%        2
 Confusing Touch          Hex            0%         N/A       100%        3
 Conjure Flame            Conj/Fire      0%         6-21      100%        3
 Ignite Poison            Fire/Tmut/Pois 0%         N/A       100%        3
 Inner Flame              Hex/Fire       0%         N/A       100%        3
 Mephitic Cloud           Conj/Pois/Air  0%         N/A       100%        3
 Vampiric Draining        Necr           0%         2d6       100%        3
 Flame Wave               Conj/Fire      0%         2d4       100%        4
 Olgreb's Toxic Radiance  Pois           0%         N/A       100%        4
 Agony                    Necr           0%         N/A       100%        5
 Freezing Cloud           Conj/Ice/Air   0%         6-21      100%        5


Dungeon Overview and Level Annotations

Branches:
Dungeon (8/15)             Temple (1/1) D:6         Ossuary (visited)
   Lair: D:8-11

Altars:
Ashenzari
Cheibriados
Dithmenos
Fedhas
Gozag
Kikubaaqudgha
Makhleb
Nemelex Xobeh
Okawaru
Qazlal
Sif Muna
Uskayaw
Vehumet
Wu Jian
Xom
Yredelemnul

Shops:
D:6 *

Annotations:
D:5 2 runed translucent doors, buhh's ghost, novice OpTm
D:8 Grum


Innate Abilities, Weirdness & Mutations

You are mostly covered in slimy green scales. (AC +3)
A weak demonic guardian rushes to your aid.
You sometimes emit foul miasma when damaged in melee.


Message History

You hit the water moccasin but do no damage.
You block the wolf's attack. The water moccasin barely misses you.
The wolf barely misses you. The wolf bites you. Grum closely misses you.
You slash the wolf!
The wolf is almost dead.
You hit the water moccasin. You hit the wolf but do no damage.
You completely miss the necrophage. The wolf bites you.
You block the wolf's attack.
The water moccasin bites you but does no damage.
You block the wolf's attack. The wolf bites you but does no damage.
You block the water moccasin's attack.
Grum hits you from afar with a -1 halberd!
The necrophage closely misses you.
You slash the wolf!
You kill the wolf!
Qazlal accepts your kill.
You completely miss the water moccasin. You completely miss the wolf.
You slash the necrophage! You block the wolf's attack.
You block the water moccasin's attack. The wolf barely misses you.
Grum misses you.
The necrophage hits you but does no damage.
The water moccasin bites you but does no damage.
Your Dodging skill increases to level 2!
Your Invocations skill increases to level 3!
The necrophage closely misses you. Grum completely misses you.
You block the wolf's attack.
You hit Grum but do no damage. You barely miss the water moccasin.
You hit the necrophage. You hit the wolf but do no damage.
The wolf closely misses you.
The water moccasin bites you but does no damage.
The necrophage hits you but does no damage.
Grum hits you with a -1 halberd!
* * * LOW HITPOINT WARNING * * *
A demonic guardian appears!
You block the wolf's attack. The water moccasin bites you!
* * * LOW HITPOINT WARNING * * *
You are lethally poisoned!
The water moccasin poisons you!
You feel better. You block the wolf's attack. Grum hits you with a -1 halberd!
You die...

.... .#.##
...#####....#
#...........
#..........
#........#
.##....<...#
.......†...##
#..5hn.>.#..#
#...S@g.....#
##...###...##
#....## .##
#.....
......#
#..... ##....
....


You could see Grum, a water moccasin, a necrophage, a wolf (ally target) and a
friendly quasit (summoned).

Vanquished Creatures
  Pikel (D:5)
  Prince Ribbit (D:5)
  Sigmund (D:2)
  A water moccasin (D:5)
  A sky beast (D:6)
  A black bear (D:6)
  3 ice beasts
  5 ogres
  3 wolves (D:8)
  2 centaurs
  A kobold brigand (D:6)
  2 bullfrogs (D:7)
  2 scorpions (D:6)
  2 human zombies (Ossuary)
  5 hounds
  4 jellies
  A gnoll bouda (D:4)
  2 orc priests
  Ijyb (D:3)
  Crazy Yiuf (D:3)
  Natasha (thrice) (D:2)
  Terence (D:3)
  6 iguanas
  2 orc wizards
  3 mummies (Ossuary)
  8 gnolls
  9 adders
  An ufetubus (D:4)
  2 worms
  11 orcs
  6 endoplasms
  2 giant cockroaches (D:1)
  A gnoll zombie (Ossuary)
  9 goblins
  7 hobgoblins
  2 jackals (D:4)
  A quokka (D:5)
  2 ball pythons
  5 bats
  3 goblin zombies (Ossuary)
  9 kobolds
  A kobold zombie (Ossuary)
  An orc zombie (Ossuary)
  3 rats
138 creatures vanquished.

Vanquished Creatures (collateral kills)
  A kobold brigand (D:7)
  An iguana (D:5)
2 creatures vanquished.

Grand Total: 140 creatures vanquished

Notes
Turn   | Place    | Note
-------+----------+-------------------------------------------
     0 | D:1      | gobodom the Demonspawn Fighter began the quest for the Orb.
     0 | D:1      | Reached XP level 1. HP: 18/18 MP: 1/1
   269 | D:1      | Gained mutation: You may rarely emit foul miasma when
                  | damaged in melee. [demonic ancestry]
   269 | D:1      | Reached XP level 2. HP: 24/24 MP: 2/2
   814 | D:2      | Reached skill level 2 in Axes
   916 | D:2      | Gained mutation: You are partially covered in slimy green
                  | scales. (AC +2) [demonic ancestry]
   916 | D:2      | Reached XP level 3. HP: 12/29 MP: 3/3
  1241 | D:2      | Noticed Sigmund
  1255 | D:2      | Killed Sigmund
  1256 | D:2      | Reached skill level 3 in Axes
  1256 | D:2      | Gained mutation: You sometimes emit foul miasma when
                  | damaged in melee. [demonic ancestry]
  1256 | D:2      | Reached XP level 4. HP: 12/36 MP: 4/4
  1256 | D:2      | Reached XP level 5. HP: 14/41 MP: 5/5
  1530 | D:2      | Reached skill level 1 in Dodging
  1599 | D:2      | Noticed Natasha
  1605 | D:2      | Killed Natasha
  1828 | D:2      | Noticed Natasha
  1833 | D:2      | Killed Natasha
  2180 | D:2      | Noticed Natasha
  2184 | D:2      | Killed Natasha
  2185 | D:2      | Gained mutation: You are mostly covered in slimy green
                  | scales. (AC +3) [demonic ancestry]
  2185 | D:2      | Reached XP level 6. HP: 39/48 MP: 6/6
  2329 | D:3      | Noticed Terence
  2332 | D:3      | Killed Terence
  2400 | D:3      | Found a faded altar of an unknown god.
  2594 | D:3      | Found a runed translucent door.
  2595 | D:3      | Noticed Crazy Yiuf
  2637 | D:3      | Noticed Ijyb
  2646 | D:3      | Killed Ijyb
  2647 | D:3      | Reached skill level 1 in Evocations
  3018 | D:3      | Killed Crazy Yiuf
  3095 | D:4      | Reached skill level 4 in Axes
  3354 | D:4      | Reached skill level 1 in Stealth
  3358 | D:4      | Identified the ring "Danog" {rC+ EV+4 Dex+7 Stlth-}
  3457 | D:4      | Reached XP level 7. HP: 53/53 MP: 7/7
  4127 | D:5      | Entered Level 5 of the Dungeon
  4139 | D:5      | Reached skill level 5 in Axes
  4486 | D:5      | Noticed Prince Ribbit
  4494 | D:5      | Killed Prince Ribbit
  4495 | D:5      | Reached skill level 6 in Axes
  4495 | D:5      | Reached skill level 5 in Armour
  4495 | D:5      | Reached XP level 8. HP: 61/61 MP: 8/8
  4670 | D:5      | You fall into a shaft and drop 1 floor!
  4682 | D:6      | Found a staircase to the Ecumenical Temple.
  4724 | D:6      | Found Tyeczer's Overcharged Wands.
  4891 | D:6      | Found a sand-covered staircase.
  4908 | Ossuary  | Entered an ossuary
  5138 | D:6      | Reached skill level 7 in Axes
  5337 | D:6      | Reached skill level 5 in Fighting
  5521 | Temple   | Entered the Ecumenical Temple
  5717 | Temple   | Became a worshipper of Qazlal Stormbringer
  5870 | D:6      | Gained mutation: A weak demonic guardian rushes to your
                  | aid. [demonic ancestry]
  5870 | D:6      | Reached XP level 9. HP: 60/68 MP: 9/9
  6414 | D:5      | Reached skill level 8 in Axes
  6699 | D:5      | Found a large runed translucent door.
  6700 | D:5      | Found a large runed translucent door.
  6702 | D:5      | Noticed buhh's ghost (novice OpTm)
  6858 | D:5      | Noticed Pikel
  6865 | D:5      | Killed Pikel
  7476 | D:7      | Reached skill level 9 in Axes
  7479 | D:7      | Reached * piety under Qazlal
  7648 | D:7      | Reached skill level 1 in Invocations
  8173 | D:8      | Noticed Grum
  8186 | D:8      | HP: 1/69 [water moccasin (7)]
  8187 | D:8      | Mangled by Grum

Illustrated notes

Levels and vault maps discovered:
D:1:      spicycebolla_green_bress_n_ham_2, layout_loops_ring
D:2:      layout_loops_ring, kennysheep_generic_room_14, uniq_natasha,
          uniq_sigmund
D:3:      minmay_general_purpose_star, layout_basic,
          chequers_ecumenical_altar_simple_redux, uniq_crazy_yiuf_cottage,
          uniq_terence, uniq_ijyb
D:4:      layout_loops_ring, minmay_crossroads
D:5:      layout_basic, zin_statuary, ebering_ghost_disaster_area,
          hangedman_decor_clover_reticule, dk_noncrumbling_4,
          minmay_starry_boxes, uniq_pikel, uniq_prince_ribbit1
D:6:      layout_gridville, minmay_temple_entry_mini_moons,
          nicolae_ossuary_entry_ruins, nicolae_shop_overcharged_wands
D:7:      layout_basic, enter_bailey_7, patterned_corridor
D:8:      layout_cave_pools, kennysheep_little_box,
          mainiacjoe_overflow_surrounded_room, grunt_lair_entry_orc_guard_hut,
          special_room [special_room_orc], uniq_grum, uniq_erica
Temple:   nicolae_temple_bog_church

Skill      XL: |  1  2  3  4  5  6  7  8  9 |
---------------+----------------------------+-----
Armour         | 3 4 5 |  5.7
Axes           | 2 3 4 6 7 9 |  9.5
Shields        | 3 4 |  4.4
Dodging        | 1 2 |  2.0
Evocations     | 1 |  1.1
Stealth        | 1 2 |  2.4
Fighting       | 4 5 6 |  6.2
Invocations    | 3 |  3.0

Action                   |  1- 3 |  4- 6 |  7- 9 || total
-------------------------+-------+-------+-------++-------
Melee: War axe           |    55 |   113 |   329 ||   497
Throw: Throwing net      |       |       |     2 ||     2
Evoke: Wand              |       |     3 |     1 ||     4
  Use: Potion            |     1 |     1 |     2 ||     4
       Scroll            |       |     3 |     4 ||     7
 Stab: Paralysed         |       |     5 |     5 ||    10
Armor: Scale mail        |    11 |       |       ||    11
       Chain mail        |    14 |    89 |   175 ||   278
       Skin              |     2 |       |       ||     2
Dodge: Dodged            |     4 |    40 |   187 ||   231
Block: Buckler           |    11 |    21 |   117 ||   149

Table legend: (Time is in decaauts)
 A = Elapsed time spent in this place.
 B = Non-inter-level travel time spent in this place.
 C = Inter-level travel time spent in this place.
 D = Time resting spent in this place.
 E = Time spent auto-exploring this place.
 F = Levels seen in this place.
 G = Mean time per level.
                   A        B        C        D        E       F      G
               +--------+--------+--------+--------+--------+-----+--------+
         Total |   8314 |   7996 |    318 |     47 |   6260 |  10 |  831.4 |
       Dungeon |   7874 |   7612 |    262 |     47 |   6087 |   8 |  984.2 |
        Temple |    235 |    179 |     56 |      0 |    165 |   1 |  235.0 |
       Ossuary |    204 |    204 |      0 |      0 |      8 |   1 |  204.0 |
               +--------+--------+--------+--------+--------+-----+--------+

Top non-repeatable levels by time:
     D:5: 1716 daAuts
     D:2: 1457 daAuts
     D:6: 1202 daAuts
     D:4: 1077 daAuts
     D:3: 893 daAuts
     D:1: 775 daAuts
     D:7: 739 daAuts
  Temple: 235 daAuts
 Ossuary: 204 daAuts
     D:8: 14 daAuts
